 Dungeon Crawl Stone Soup version 0.26.1-2-gb8aa6d0cf2 (webtiles) character file.

Game seed: 7318376922540614547

35189 jlumianski the Cleaver (level 13, -2/116 (118) HPs)
             Began as a Palentonga Fighter on Mar 10, 2021.
             Was the Champion of Okawaru.
             Shot with a bolt by a yaktaur (13 damage)
             ... on level 15 of the Dungeon on Mar 17, 2021.
             The game lasted 01:15:56 (21214 turns).

jlumianski the Cleaver (Palentonga Fighter)        Turns: 21214, Time: 01:15:58

HP:   -2/116 (118)  AC: 26    Str: 30    XL:     13   Next: 46%
MP:   15/17         EV: 15    Int: 10    God:    Okawaru [******]
Gold: 1099          SH: 19    Dex: 14    Spells: 12/12 levels left

rFire    . . .     SeeInvis +   a - +3 war axe (flame)
rCold    . . .     Faith    .   x - +5 kite shield "Egool" {Will- Str+7 Int+2 Dex+2}
rNeg     . . .     Spirit   .   Q - +1 chain mail {rPois}
rPois    +         Reflect  .   G - +0 helmet {SInv}
rElec    .         Harm     .   E - +0 cloak
rCorr    .         Rampage  .   w - +2 pair of gloves
Will     .....                  (no barding)
Stlth    ..........             q - amulet of the acrobat
HPRegen  0.29/turn              f - +4 ring of evasion
MPRegen  0.15/turn              (no ring)

@: heroism, lightly drained, curled up
A: large, rugged brown scales 3, see invisible, deformed body, low mp 1,
MP-powered wands, roll 1, armoured tail, reflexive curl
a: Rolling Charge, Renounce Religion, Heroism, Finesse


You were on level 15 of the Dungeon.
You worshipped Okawaru.
Okawaru was exalted by your worship.
You visited 2 branches of the dungeon, and saw 16 of its levels.

You collected 1214 gold pieces.
You spent 115 gold pieces at shops.

Inventory:

Hand Weapons
 a - a +3 war axe of flaming (weapon)
 F - a +1 mace of protection
Missiles
 e - 3 throwing nets
 k - 68 poisoned darts
 m - 9 javelins
 y - 8 silver javelins (quivered)
 A - 2 atropa-tipped darts
 I - 14 boomerangs
 U - 8 datura-tipped darts
Armour
 c - a +1 kite shield
 w - a +2 pair of gloves (worn)
 x - the +5 kite shield "Egool" (worn) {Will- Str+7 Int+2 Dex+2}
   (Okawaru gifted it to you on level 12 of the Dungeon)

   It affects your strength (+7).
   It affects your intelligence (+2).
   It affects your dexterity (+2).
   It affects your willpower, your defense against some magical effects.
 E - a +0 cloak (worn)
 G - a +0 helmet of see invisible (worn)
 Q - a +1 chain mail of poison resistance (worn)
Jewellery
 f - a +4 ring of evasion (left hand)
 q - an amulet of the acrobat (around neck)
 R - an uncursed amulet of reflection
Wands
 b - a wand of digging (12)
 p - a wand of polymorph (12)
 C - a wand of enslavement (8)
 H - a wand of flame (8)
 L - a wand of iceblast (16)
 M - a wand of disintegration (29)
Scrolls
 h - 10 scrolls of remove curse
 l - 7 scrolls of identify
 n - 3 scrolls of amnesia
 t - 6 scrolls of teleportation
 B - 2 scrolls of fear
 K - a scroll of summoning {unknown}
 N - 3 scrolls of magic mapping
 P - a scroll of fog
 S - a scroll of brand weapon
 T - a scroll of blinking
Potions
 d - a potion of invisibility
 g - 7 potions of curing
 i - a potion of resistance {unknown}
 j - 2 potions of brilliance {unknown}
 o - a potion of mutation
 r - 2 potions of berserk rage
 s - a potion of degeneration {unknown}
 u - 2 potions of flight {unknown}
 v - 3 potions of ambrosia
 z - a potion of might
 D - 2 potions of attraction {unknown}
 J - a potion of cancellation {unknown}
 O - a potion of magic


   Skills:
 + Level 9.5(14.5) Fighting
 + Level 14.0(19.0) Axes
 + Level 0.7(5.7) Throwing
 + Level 8.4(13.4) Armour
 + Level 3.5(8.5) Dodging
 + Level 0.7(5.7) Stealth
 + Level 9.0(14.0) Shields
 * Level 8.0 Invocations


You had 12 spell levels left.
You didn't know any spells.
Your spell library contained the following spells:

 Spells                   Type           Power        Failure   Level
 Corona                   Hex            0%           78%         1
 Ensorcelled Hibernation  Hex/Ice        0%           89%         2
 Confusing Touch          Hex            0%           98%         3
 Dazzling Flash           Conj/Hex       0%           98%         3
 Gell's Gravitas          Tloc           0%           98%         3
 Tukima's Dance           Hex            0%           98%         3
 Cause Fear               Hex            0%           100%        4
 Petrify                  Tmut/Erth      0%           100%        4
 Metabolic Englaciation   Hex/Ice        0%           100%        5
 Silence                  Hex/Air        0%           100%        5
 Yara's Violent Unravell  Hex/Tmut       0%           100%        5
 Discord                  Hex            0%           100%        8


Dungeon Overview and Level Annotations

Branches:
Dungeon (15/15)            Temple (1/1) D:6            Lair (0/6) D:8
    Orc (0/2) D:11         Vaults (0/5) D:13
 Depths: D:15

Altars:
Ashenzari
Cheibriados
Dithmenos
Elyvilon
Fedhas
Gozag
Hepliaklqana
Kikubaaqudgha
Nemelex Xobeh
Okawaru
Qazlal
Ru
Sif Muna
Trog
Uskayaw
Vehumet
Xom
Zin
The Shining One
Beogh

Shops:
D:7 (   D:13 *

Portals:
Trove: D:10 (give 4 potions of resistance)


Innate Abilities, Weirdness & Mutations

You are completely covered in rugged brown scales. (AC +3, +7% HP)
You have supernaturally acute eyesight. (SInv)
Armour fits poorly on your strangely shaped body.
You can roll at nearby foes to attack.
You have a long armoured tail.
You curl defensively after being hit.
Your magical capacity is low. (-10% MP)
You expend magic power (3 MP) to strengthen your wands.


Message History

The orc sorcerer is almost dead.
You slash the soul eater! You burn the soul eater.
You barely miss the ice devil.
The orc sorcerer gestures at you while chanting.
The bolt of negative energy misses you.
You hit the orc sorcerer but do no damage.
The orc sorcerer is almost dead.
You hit the soul eater but do no damage.
You barely miss the ice devil. You block the ice devil's attack.
The soul eater draws from the surrounding life force!
* * * LOW HITPOINT WARNING * * *
The soul eater is healed.
The orc sorcerer hits you but does no damage.
You slice the orc sorcerer!! You burn the orc sorcerer.
You kill the orc sorcerer!
Okawaru accepts your kill.
The soul eater disappears in a puff of smoke!
The ice devil disappears in a puff of smoke!
The yaktaur shoots a bolt.
The bolt hits you!
You die...

#(# ##.# #...# #.
#.#.##.#########...##..
.......................
...(.................
#.#.##.#............# #
#.#.##.#.####.##e.#.# ...
#........####.##c##.###...#
..............(ยงยง)........#
.....#.#.###...#@##.###.#.#
###..#.#.# #...#(##.#
###..#.#. #...#.##.# .......
#.K[#.##.# ###.. .
...........# ...............
.##...(........ #.....##.....
##.#..# ...#.


You could see a deep elf knight and a yaktaur.

Vanquished Creatures
  Frances (D:14)
  Josephine (D:12)
  A catoblepas (D:14)
  4 centaur warriors
  6 two-headed ogres
  2 dancing weapons (D:13)
  A tengu warrior (D:14)
  A fire crab (shapeshifter) (D:13)
  An unseen horror (shapeshifter) (D:15)
  Pikel (D:7)
  A deep elf mage (D:14)
  A manticore (D:12)
  An orc sorcerer (D:15)
  2 ugly things
  4 cyclopes
  3 centaur skeletons
  A kobold demonologist (D:15)
  A guardian mummy (D:10)
  3 meliai (D:12)
  A queen bee (D:10)
  2 trolls (D:14)
  A hornet (D:10)
  3 slime creatures (D:12)
  The ghost of phalm the Twirler, an amateur GrGl (D:5)
  4 shadows
  6 wraiths
  3 wyverns (D:8)
  18 yaks
  A basilisk (D:7)
  A steam dragon (D:11)
  Menkaure (D:4)
  A soldier ant (D:11)
  A warg (D:6)
  6 water moccasins
  3 acid dragons
  3 black bears
  10 orc warriors
  2 sky beasts
  An ice beast (D:6)
  3 phantoms
  2 hornet zombies
  An eye of draining (D:10)
  3 necrophages
  7 ogres
  12 centaurs
  2 big kobolds
  2 lemures (D:7)
  7 bullfrogs
  A wyvern skeleton (D:14)
  7 scorpions
  20 killer bees
  18 wights
  7 howler monkeys
  An electric eel (D:9)
  6 centaur zombies
  12 orc priests
  A bullfrog skeleton (D:11)
  A gnoll shaman (D:6)
  7 hounds
  2 jellies
  17 orc wizards
  5 iguanas
  Terence (D:2)
  11 worker ants
  A killer bee zombie (D:6)
  A hound skeleton (D:4)
  A howler monkey zombie (D:6)
  15 adders
  7 gnolls
  2 howler monkey skeletons
  2 shadow imps
  3 white imps
  2 ufetubi
  3 oozes
  An adder zombie (D:8)
  2 adder skeletons
  7 worms
  3 dart slugs
  10 leopard geckos
  41 orcs
  11 bats
  11 giant cockroaches
  11 goblins
  6 hobgoblins
  4 jackals (D:5)
  18 kobolds
  7 quokkas
  4 ball pythons
  6 frilled lizards
  14 rats
454 creatures vanquished.

Vanquished Creatures (others)
  2 bushes (D:8)
  4 fungi (D:8)
  20 plants (D:8)
26 creatures vanquished.

Grand Total: 480 creatures vanquished

Notes
Turn   | Place    | Note
-------+----------+-------------------------------------------
     0 | D:1      | jlumianski the Palentonga Fighter began the quest for the
                  | Orb.
     0 | D:1      | Reached XP level 1. HP: 20/20 MP: 1/1
    58 | D:1      | Reached XP level 2. HP: 24/27 MP: 2/2
   493 | D:1      | Reached XP level 3. HP: 33/33 MP: 3/3
  1274 | D:3      | Found a broken altar of Ashenzari.
  1293 | D:3      | Reached XP level 4. HP: 40/41 MP: 4/4
  1363 | D:3      | Paralysed by a goblin for 7 turns
  1781 | D:2      | Noticed Terence
  1790 | D:2      | Killed Terence
  1791 | D:2      | Reached skill level 3 in Axes
  1902 | D:2      | Found a glowing silver altar of Zin.
  1996 | D:2      | Reached XP level 5. HP: 49/49 MP: 5/5
  2532 | D:3      | Found a white marble altar of Elyvilon.
  2623 | D:3      | Found a bloodstained altar of Trog.
  3070 | D:4      | Reached skill level 4 in Axes
  3118 | D:5      | Entered Level 5 of the Dungeon
  3270 | D:4      | Noticed an ogre
  3281 | D:4      | Killed an ogre
  3282 | D:4      | Reached XP level 6. HP: 32/55 MP: 6/6
  3332 | D:4      | Noticed Menkaure
  3337 | D:4      | Killed Menkaure
  3697 | D:5      | Reached skill level 5 in Axes
  3697 | D:5      | Gained mutation: You curl defensively after being hit.
                  | [Palentonga growth]
  3697 | D:5      | Reached XP level 7. HP: 52/63 MP: 7/7
  3885 | D:5      | Reached skill level 1 in Dodging
  4274 | D:6      | Found a shimmering altar of Xom.
  4332 | D:6      | Found a runed translucent gate.
  4332 | D:6      | Noticed phalm's ghost (amateur GrGl)
  4335 | D:6      | Found a runed translucent gate.
  4343 | D:6      | Reached skill level 6 in Axes
  4353 | D:6      | Found a staircase to the Ecumenical Temple.
  4364 | Temple   | Entered the Ecumenical Temple
  4401 | Temple   | Became a worshipper of Warmaster Okawaru
  4539 | D:6      | Found a sacrificial altar of Ru.
  4590 | D:6      | Reached XP level 8. HP: 55/71 MP: 8/8
  4717 | D:6      | Found a runed translucent gate.
  4723 | D:6      | Found a roughly hewn altar of Beogh.
  4723 | D:6      | Identified the +7 great sword of the Leaping Priest
                  | {vorpal, Int+3 Dex+3}
  4912 | D:6      | Found a shimmering blue altar of Sif Muna.
  5301 | D:6      | Reached skill level 5 in Fighting
  5731 | D:5      | Killed phalm's ghost
  5768 | D:5      | Got a pitted ring mail
  5769 | D:5      | Identified the +3 ring mail "Lesam" {rPois rC+++ rCorr
                  | Str-4} (You found it on level 5 of the Dungeon)
  5830 | D:5      | Reached * piety under Okawaru
  5831 | D:5      | Reached skill level 7 in Axes
  6132 | D:5      | Found a snail-covered altar of Cheibriados.
  6219 | D:5      | Found a blossoming altar of Fedhas.
  6369 | D:5      | Found a glowing golden altar of the Shining One.
  6379 | D:5      | Found an opulent altar of Gozag.
  6946 | D:6      | Reached XP level 9. HP: 62/79 MP: 9/9
  7367 | D:6      | Reached skill level 8 in Axes
  7372 | D:6      | Reached skill level 5 in Shields
  7804 | D:7      | Found a sparkling altar of Nemelex Xobeh.
  7839 | D:7      | Reached skill level 5 in Armour
  8291 | D:7      | Noticed Pikel
  8312 | D:7      | Killed Pikel
  8312 | D:7      | Reached ** piety under Okawaru
  8313 | D:7      | Reached skill level 9 in Axes
  8383 | D:7      | Found Xainomn's Antique Weapon Shop.
  9413 | D:8      | Reached XP level 10. HP: 84/89 MP: 10/10
  9528 | D:7      | Reached skill level 10 in Axes
  9530 | D:7      | Reached *** piety under Okawaru
  9808 | D:8      | Noticed a two-headed ogre
  9824 | D:8      | Killed a two-headed ogre
 10245 | D:7      | Reached **** piety under Okawaru
 10251 | D:7      | Reached skill level 11 in Axes
 10425 | D:10     | Entered Level 10 of the Dungeon
 10493 | D:9      | Found a stormy altar of Qazlal.
 10695 | D:9      | Found a blossoming altar of Fedhas.
 10755 | D:8      | Found a hazy altar of Hepliaklqana.
 10874 | D:8      | Found a staircase to the Lair.
 11371 | D:9      | Reached XP level 11. HP: 98/98 MP: 11/11
 12390 | D:10     | Reached ***** piety under Okawaru
 12691 | D:11     | Noticed a two-headed ogre
 12727 | D:10     | Killed a two-headed ogre
 12728 | D:10     | Reached skill level 1 in Invocations
 12799 | D:11     | Noticed a cyan ugly thing
 13198 | D:9      | Killed a cyan ugly thing
 13387 | D:10     | Found a blossoming altar of Fedhas.
 13453 | D:10     | Paralysed by a hornet for 2 turns
 13829 | D:10     | Found a portal to a secret trove of treasure.
 15142 | D:10     | Reached skill level 12 in Axes
 15241 | D:11     | Received a gift from Okawaru
 15475 | D:11     | Gained mutation: You are robust. (+10% HP) [potion of
                  | mutation]
 15475 | D:11     | Lost mutation: You are robust. (+10% HP) [potion of
                  | mutation]
 15475 | D:11     | Gained mutation: Your magical capacity is low. (-10% MP)
                  | [potion of mutation]
 15475 | D:11     | Gained mutation: You expend magic power (3 MP) to
                  | strengthen your wands. [potion of mutation]
 15520 | D:11     | Found a staircase to the Orcish Mines.
 15889 | D:12     | Noticed a red ugly thing
 16012 | D:11     | Noticed a two-headed ogre
 16020 | D:11     | Killed a two-headed ogre
 16647 | D:12     | Received a gift from Okawaru
 16648 | D:12     | Reached XP level 12. HP: 67/110 MP: 13/13
 16849 | D:12     | Got a bloodstained kite shield {god gift}
 16860 | D:12     | Identified the +5 kite shield "Egool" {Will- Str+7 Int+2
                  | Dex+2} (Okawaru gifted it to you on level 12 of the
                  | Dungeon)
 17501 | D:12     | Noticed Josephine
 17522 | D:12     | Killed Josephine
 17523 | D:12     | Reached skill level 5 in Invocations
 17957 | D:12     | Noticed a two-headed ogre
 17981 | D:12     | Killed a two-headed ogre
 17981 | D:12     | Reached ****** piety under Okawaru
 17982 | D:12     | Reached skill level 13 in Axes
 18235 | D:13     | Found Tyifie Cyrof's General Store.
 18248 | D:13     | Bought a wand of iceblast (4) for 80 gold pieces
 18248 | D:13     | Bought a scroll of magic mapping for 35 gold pieces
 18327 | D:13     | Found a gate to the Vaults.
 19605 | D:14     | Noticed a tengu warrior
 19615 | D:14     | Killed a tengu warrior
 19661 | D:14     | Noticed a centaur warrior
 19665 | D:14     | Received a gift from Okawaru
 19677 | D:14     | Killed a centaur warrior
 19837 | D:14     | Noticed a two-headed ogre
 19841 | D:14     | Killed a two-headed ogre
 19842 | D:14     | Reached XP level 13. HP: 109/118 MP: 16/16
 20088 | D:15     | Entered Level 15 of the Dungeon
 20614 | D:14     | Noticed Frances
 20632 | D:14     | Killed Frances
 20632 | D:14     | Received a gift from Okawaru
 21204 | D:15     | Received a gift from Okawaru
 21205 | D:15     | Reached skill level 14 in Axes
 21214 | D:15     | Shot with a bolt by a yaktaur

Illustrated notes

Levels and vault maps discovered:
D:1:      elethiomel_arrival_infinity_welcomes_careful_drivers, layout_basic,
          minmay_cut_off
D:2:      layout_basic, nicolae_overflow_crystal_walls, uniq_terence
D:3:      layout_basic, elyvilon_altar_1, evilmike_ruin_ashenzari,
          lightli_temple_of_fire
D:4:      layout_rooms, chequers_hall_statues_corner_a,
          hangedman_decor_opposing, uniq_menkaure
D:5:      black_bear_nest_1, layout_gridville, grunt_gozag_breadcrumbs,
          overflow_temple_1_default, kennysheep_slug_shrine, basic_altar,
          grunt_tough_drop
D:6:      kennysheep_orc_sif_temple, layout_layer_cave, lemuel_round_altar,
          xom_confusion_cloud, minmay_temple_entry_hall, portal_sewer_entry_a,
          biasface_ghost_orc_armoury
D:7:      layout_layer_cave, nemelex_xobeh_ov_fountains_minmay, serial_shops,
          shop, uniq_pikel
D:8:      layout_loops_ring, nzn_hepliaklqana_mist_gate, minmay_lair_entry_grove
D:9:      layout_basic, nicolae_qazlal_general_emergency, lemuel_round_altar,
          kennysheep_donut
D:10:     layout_loops_corners, basic_altar, nicolae_trove_entry_path_of_doom,
          minivault_7
D:11:     layout_rooms, david_orc_3
D:12:     minmay_inner_zag, layout_irregular_city, uniq_josephine
D:13:     layout_basic, erik_vaults_1, serial_shops, shop, bh_walls_and_bars
D:14:     layout_irregular_city, uniq_frances
D:15:     hangedman_depths_entry_civil_slaughter, layout_basic,
          corexii_leaking_fountain, uniq_jorgrun
Temple:   dpeg_three_leaves_temple

Skill      XL: |  1  2  3  4  5  6  7  8  9 10 11 12 13 |
---------------+----------------------------------------+-----
Shields        | 3 4 5 6 7 8 9 |  9.0
Armour         | 3 4 5 6 7 8 |  8.4
Axes           | 3 4 5 6 7 9 11 12 13 14 | 14.0
Fighting       | 4 5 6 7 8 9 |  9.5
Dodging        | 1 2 3 |  3.5
Invocations    | 4 6 8 |  8.0
Throwing       | |  0.7
Stealth        | |  0.7

Action                   |  1- 3 |  4- 6 |  7- 9 | 10-12 | 13-15 || total
-------------------------+-------+-------+-------+-------+-------++-------
Melee: War axe           |   118 |   167 |   393 |  1002 |   112 ||  1792
       Tailslap          |    12 |    14 |    55 |   170 |    20 ||   271
Throw: Dart              |       |       |     5 |       |       ||     5
       Javelin           |       |       |       |    10 |       ||    10
Invok: Heroism           |       |       |     2 |     6 |     3 ||    11
       Finesse           |       |       |       |     1 |       ||     1
 Abil: Rolling Charge    |    19 |    26 |    33 |    55 |    11 ||   144
Evoke: Wand              |       |       |       |     4 |       ||     4
  Use: Scroll            |       |     2 |     7 |    14 |       ||    23
       Potion            |       |       |     3 |     4 |       ||     7
Armor: Scale mail        |    67 |    91 |    88 |       |       ||   246
       Plate armour      |       |       |   116 |       |       ||   116
       Ring mail         |       |       |     2 |       |       ||     2
       Chain mail        |       |       |    15 |   381 |    35 ||   431
Dodge: Dodged            |    30 |    40 |   108 |   351 |    35 ||   564
Block: Kite shield       |    65 |    93 |   248 |   661 |    86 ||  1153
